 Dungeon Crawl Stone Soup version 0.31-a0-358-gac0dbeb3ab (webtiles) character file.

Game seed: 9946711789261331100

2815 rlaxxx the Cudgeller (level 9, 0/93 HPs)
             Began as an Ogre Fighter on July 25, 2023.
             Was an Initiate of the Shining One.
             Slain by a tentacled starspawn (12 damage)
             ... on level 1 of the Abyss.
             The game lasted 00:23:19 (6101 turns).

rlaxxx the Cudgeller (Ogre Fighter)                 Turns: 6101, Time: 00:23:21

Health: 0/93       AC:  4    Str: 22    XL:     9   Next: 72%
Magic:  9/9        EV:  7    Int:  9    God:    the Shining One [......]
Gold:   287        SH: 10    Dex: 12    Spells: 8/8 levels left

rFire   . . .        D - +4 mace (holy)
rCold   . . .        c - +1 kite shield
rNeg    . . .        b - +0 robe
rPois   .            (helmet restricted)
rElec   .            B - +0 cloak
rCorr   .            (gloves unavailable)
SInv    .            (boots unavailable)
Will    .....        f - amulet of regeneration
Stlth   +            (no ring)
HPRegen 1.15/turn    (no ring)
MPRegen 0.11/turn

%: no passive effects
@: mighty, glowing, constricted
A: large, unfitting armour, tough skin 1
a: Renounce Religion


You were on level 1 of the Abyss.
You worshipped the Shining One.
The Shining One was noncommittal.
You visited 1 branch of the dungeon, and saw 6 of its levels.
You visited the Abyss 1 time.
You also visited: Sewer.

You collected 362 gold pieces.
You spent 75 gold pieces at shops.

Inventory:

Hand Weapons
 D - a +4 mace of holy wrath (weapon)
Missiles
 l - 6 boomerangs
 n - 8 javelins (quivered)
 t - 4 silver javelins
Armour
 b - a +0 robe (worn)
 c - a +1 kite shield (worn)
 B - a +0 cloak (worn)
Jewellery
 f - an amulet of regeneration (around neck)
Wands
 s - a wand of light (14)
 z - a wand of charming (10)
 E - a wand of flame (15)
 F - a wand of polymorph (13)
Scrolls
 a - a scroll of torment {unknown}
 e - a scroll of identify
 g - 2 scrolls of amnesia {unknown}
 h - 4 scrolls of fear
 j - 2 scrolls of teleportation {unknown}
 p - 4 scrolls of fog
 u - a scroll of silence {unknown}
 x - a scroll of acquirement {unknown}
 y - a scroll of poison {unknown}
 C - a scroll of revelation {unknown}
Potions
 i - 2 potions of attraction
 k - 2 potions of heal wounds
 m - a potion of curing {unknown}
 o - a potion of invisibility {unknown}
 v - a potion of haste {unknown}
 w - a potion of cancellation {unknown}
 A - 2 potions of brilliance {unknown}
 G - a potion of enlightenment {unknown}


   Skills:
 * Level 7.5 Fighting
 * Level 7.6 Maces & Flails
 * Level 4.4 Throwing
 * Level 5.5 Dodging
 + Level 0.3 Stealth
 * Level 6.3 Shields


You had 8 spell levels left.
You didn't know any spells.
Your spell library contained the following spells:

 Spells                   Type           Power      Damage    Failure   Level
 Hailstorm                Conj/Ice       0%         3d3       94%         3
 Inner Flame              Hex/Fire       0%         N/A       94%         3
 Summon Ice Beast         Ice/Summ       0%         N/A       100%        4
 Yara's Violent Unravell  Hex/Tmut       0%         3d3       100%        5
 Simulacrum               Ice/Necr       0%         N/A       100%        6
 Enfeeble                 Hex            0%         N/A       100%        7


Dungeon Overview and Level Annotations

Branches:
Dungeon (6/15)             Temple (0/1) D:6           Sewer (visited)

Altars:
Ashenzari
Cheibriados
Dithmenos
Fedhas
Kikubaaqudgha
Uskayaw
Wu Jian
The Shining One
Lugonu

Shops:
D:3 =   D:4 ?

Portals:
Abyss: D:6


Innate Abilities, Weirdness & Mutations

You are too large for most types of armour.
You have tough skin. (AC +1)


Message History

The tentacled starspawn tentacle-slaps you.
The starspawn tentacle barely misses you.
You sock the tentacled starspawn!
The tentacled starspawn is moderately damaged.
You block the starspawn tentacle's attack.
You block the tentacled starspawn's attack.
The tentacled starspawn tentacle-slaps you!!
The starspawn tentacle grabs you. The starspawn tentacle constricts you.
You sock the tentacled starspawn!
The starspawn tentacle loses its grip on you.
The tentacled starspawn is moderately damaged.
The starspawn tentacle grabs you. The starspawn tentacle constricts you.
The tentacled starspawn closely misses you.
You block the tentacled starspawn's attack.
You hit the tentacled starspawn.
The starspawn tentacle loses its grip on you.
The tentacled starspawn is moderately damaged.
The starspawn tentacle grabs you. The starspawn tentacle constricts you.
The tentacled starspawn bites you but does no damage.
The tentacled starspawn tentacle-slaps you!
* * * LOW HITPOINT WARNING * * *
You sock the tentacled starspawn!
The starspawn tentacle loses its grip on you.
The tentacled starspawn is heavily damaged.
The starspawn tentacle grabs you. The starspawn tentacle constricts you.
* * * LOW HITPOINT WARNING * * *
The tentacled starspawn completely misses you.
You block the tentacled starspawn's attack.
Okay, then.
You feel much better. The starspawn tentacle constricts you.
The tentacled starspawn bites you!!
* * * LOW HITPOINT WARNING * * *
The tentacled starspawn closely misses you.
You feel very mighty all of a sudden. The starspawn tentacle constricts you.
* * * LOW HITPOINT WARNING * * *
The tentacled starspawn bites you.
* * * LOW HITPOINT WARNING * * *
The tentacled starspawn tentacle-slaps you!
You die...

###≈≈≈≈≈##
#≈≈≈≈≈.≈#
##≈≈≈≈≈≈≈##
#≈≈~..~~~~#
#≈~~≈~~≈≈~#
#~..~~~~.~#
##.......#
##....w..##
#. ..
##..@X.###
# ##
##..w## # #
#...# .
##...# .
#.... .#
#...+.#
#..#.#.##
...#.#.. #
# .#


You could see a tentacled starspawn and 2 starspawn tentacles.

Vanquished Creatures
  A large abomination (Abyss:1)
  Grinder (D:6)
  3 yaks (D:6)
  An ice beast (D:6)
  2 black bears (D:6)
  An ogre (D:5)
  A centaur (D:6)
  7 kobold brigands (Sewer)
  A bullfrog (D:6)
  A scorpion (D:5)
  A vampire bat (D:5)
  Crazy Yiuf (D:3)
  4 orc priests
  A hound (D:5)
  A jelly (D:5)
  Ijyb (D:3)
  3 iguanas
  2 orc wizards
  3 gnolls (D:4)
  5 adders
  3 river rats
  An ufetubus (D:4)
  12 worms
  3 dart slugs
  17 orcs
  13 bats
  12 endoplasms
  2 giant cockroaches
  9 hobgoblins
  2 quokkas
  9 ball pythons
  2 frilled lizards (D:1)
  11 goblins
  18 kobolds
  11 rats
166 creatures vanquished.

Notes
Turn   | Place    | Note
-------+----------+-------------------------------------------
     0 | D:1      | rlaxxx the Ogre Fighter began the quest for the Orb.
     0 | D:1      | Reached XP level 1. HP: 24/24 MP: 1/1
   207 | D:1      | Reached XP level 2. HP: 33/33 MP: 2/2
   530 | D:1      | Reached XP level 3. HP: 29/40 MP: 3/3
  1377 | D:2      | Found a faded altar of an unknown god.
  1385 | D:2      | Reached XP level 4. HP: 49/49 MP: 4/4
  1505 | D:2      | You fall into a shaft and drop 2 floors!
  1520 | D:4      | Reached skill level 1 in Throwing
  1553 | D:4      | Reached XP level 5. HP: 24/55 MP: 5/5
  1602 | D:4      | Found Jeug's Magic Scroll Shoppe.
  1607 | D:4      | Bought a scroll of enchant armour for 75 gold pieces
  1760 | D:4      | Reached skill level 5 in Fighting
  2003 | D:4      | Found a glowing drain.
  2011 | Sewer    | Entered a sewer
  2059 | Sewer    | Noticed a kobold brigand
  2074 | Sewer    | Killed a kobold brigand
  2075 | Sewer    | Reached XP level 6. HP: 31/66 MP: 6/6
  2495 | Sewer    | Reached XP level 7. HP: 58/72 MP: 7/7
  2588 | Sewer    | Reached skill level 5 in Maces & Flails
  3607 | D:3      | Noticed Ijyb
  3613 | D:3      | Killed Ijyb
  3668 | D:3      | Found Heocahya's Jewellery Boutique.
  3832 | D:3      | Reached XP level 8. HP: 83/83 MP: 8/8
  3853 | D:3      | Found a glowing golden altar of the Shining One.
  3864 | D:3      | Found a runed translucent door.
  3865 | D:3      | Noticed Crazy Yiuf
  4015 | D:3      | Killed Crazy Yiuf
  4106 | D:3      | Became a worshipper of the Shining One
  4646 | D:5      | Entered Level 5 of the Dungeon
  4769 | D:5      | Found a broken altar of Ashenzari.
  4947 | D:5      | Found an ancient bone altar of Kikubaaqudgha.
  4950 | D:5      | Found a hide-covered altar of Uskayaw.
  4959 | D:5      | Reached skill level 5 in Shields
  4970 | D:5      | Found a blossoming altar of Fedhas.
  4974 | D:5      | Found an ornate altar of the Wu Jian Council.
  4982 | D:5      | Found a shadowy altar of Dithmenos.
  5005 | D:5      | Found a snail-covered altar of Cheibriados.
  5337 | D:6      | Found a staircase to the Ecumenical Temple.
  5391 | D:6      | Found a large runed translucent door.
  5392 | D:6      | Found a large runed translucent door.
  5548 | D:6      | Found a corrupted altar of Lugonu.
  5642 | D:6      | Reached XP level 9. HP: 61/92 MP: 9/9
  5683 | D:6      | Found a one-way gate to the infinite horrors of the Abyss.
  5708 | D:6      | Noticed Grinder
  5747 | D:6      | Reached skill level 5 in Dodging
  5893 | D:6      | Killed Grinder
  5980 | Abyss:1  | Cast into level 1 of the Abyss (kobold)
  6059 | Abyss:1  | Noticed a large abomination
  6068 | Abyss:1  | Killed a large abomination
  6092 | Abyss:1  | Noticed a tentacled starspawn
  6101 | Abyss:1  | Slain by a tentacled starspawn

Illustrated notes

Levels and vault maps discovered:
D:1:      minmay_arrival_split_and_join, layout_loops_ring
D:2:      layout_basic, hellmonk_ecumenical_altar_leap_of_faith,
          nicolae_underground_beach
D:3:      layout_basic, lemuel_tele_altar, serial_shops, shop,
          uniq_crazy_yiuf_cottage, uniq_ijyb
D:4:      layout_basic, serial_shops, nicolae_shop_stone,
          lightli_sewer_entry_pipes, chequers_serial_rivers_small_b,
          minmay_misc_feat_five
D:5:      layout_rooms, mainiacjoe_overflow_24_doors,
          nicolae_overflow_hallway_of_the_gods, roderic_batcave
D:6:      due_chaos_kobolds, layout_basic, minmay_temple_entry_statues,
          uniq_grinder
Abyss:1:  base: D:2, base: D:2, abyss_greek_temple

Skill      XL: |  1  2  3  4  5  6  7  8  9 |
---------------+----------------------------+-----
Dodging        | 3 4 5 |  5.5
Maces & Flails | 2 3 4 5 6 7 |  7.6
Throwing       | 1 2 3 4 |  4.4
Fighting       | 5 6 7 |  7.5
Shields        | 4 5 6 |  6.3
Stealth        | |  0.3

Action                     |  1- 3 |  4- 6 |  7- 9 || total
---------------------------+-------+-------+-------++-------
  Melee: Flail             |   119 |   193 |   167 ||   479
         Mace              |       |       |   188 ||   188
  Throw: Javelin           |     1 |     3 |       ||     4
    Use: Scroll            |     3 |     1 |     7 ||    11
         Potion            |       |       |     2 ||     2
 Armour: Robe              |    26 |    22 |   129 ||   177
  Dodge: Dodged            |    36 |    53 |   178 ||   267
  Block: Kite shield       |    43 |    69 |   225 ||   337

Table legend: (Time is in decaauts)
 A = Elapsed time spent in this place.
 B = Non-inter-level travel time spent in this place.
 C = Inter-level travel time spent in this place.
 D = Time resting spent in this place.
 E = Time spent auto-exploring this place.
 F = Levels seen in this place.
 G = Mean time per level.
                   A        B        C        D        E       F      G
               +--------+--------+--------+--------+--------+-----+--------+
         Total |   6310 |   5797 |    513 |     64 |   3535 |   8 |  788.8 |
       Dungeon |   5430 |   4917 |    513 |     11 |   3190 |   6 |  905.0 |
         Abyss |    122 |    122 |      0 |     53 |      6 |   1 |  122.0 |
         Sewer |    757 |    757 |      0 |      0 |    339 |   1 |  757.0 |
               +--------+--------+--------+--------+--------+-----+--------+

Top non-repeatable levels by time:
     D:4: 1472 daAuts
     D:1: 1013 daAuts
     D:2: 928 daAuts
     D:6: 763 daAuts
   Sewer: 757 daAuts
     D:3: 635 daAuts
     D:5: 616 daAuts
 Abyss:1: 122 daAuts
